 Dungeon Crawl Stone Soup version 0.25.1-2-g60ff931df9 (webtiles) character file.

Game seed: 10746661993356448139

18245 hawla the Basher (level 12, -6/118 HPs)
             Began as a Minotaur Berserker on Sept 28, 2020.
             Was a High Priest of Trog.
             Killed from afar by a lindwurm (17 damage)
             ... with a blast of flame
             ... summoned by Kirke
             ... on level 12 of the Dungeon on Sept 29, 2020.
             The game lasted 00:43:49 (15768 turns).

hawla the Basher (Minotaur Berserker)              Turns: 15768, Time: 00:43:49

Health: -6/118     AC: 15    Str: 26    XL:     12   Next: 26%
Magic:  8/11       EV: 10    Int:  4    God:    Trog [*****.]
Gold:   611        SH:  0    Dex: 11    Spells: 11/11 levels left

rFire    . . .     SeeInvis .   a - +2 dire flail (holy)
rCold    . . .     Gourm    .   (shield currently unavailable)
rNeg     . . .     Faith    .   z - +0 plate armour
rPois    +         Spirit   .   (helmet unavailable)
rElec    .         Reflect  .   n - scarf {repulsion}
rCorr    .         Harm     .   (no gloves)
MR       .....                  (no boots)
Stlth    ..........             (no amulet)
HPRegen  0.29/turn              (no ring)
MPRegen  0.12/turn              i - ring of poison resistance

@: about to teleport, repel missiles
A: retaliatory headbutt, horns 3, robust 1
a: Berserk, Trog's Hand, Brothers in Arms, Renounce Religion


You were on level 12 of the Dungeon.
You worshipped Trog.
Trog was extremely pleased with you.
You were not hungry.

You visited 2 branches of the dungeon, and saw 13 of its levels.
You also visited: Ice Cave.

You collected 611 gold pieces.

Inventory:

Hand Weapons
 a - a +2 dire flail of holy wrath (weapon)
 d - a +0 antimagic war axe
 w - a +3 trident of freezing
Missiles
 e - 13 boomerangs
 p - 34 poisoned darts (quivered)
 u - 2 boomerangs of dispersal
Armour
 j - the +0 robe of the Solstice {rCorr Dex+3}
   (You found it on level 9 of the Dungeon)

   It affects your dexterity (+3).
   It provides partial protection from all sources of acid and corrosion.
 n - a scarf of repulsion (worn)
 t - the +3 ice dragon scales of Feqayff {rF- rC++ Str+2 Int+5}
   (You found it in an ice cave)

   It affects your strength (+2).
   It affects your intelligence (+5).
   It makes you vulnerable to fire.
   It greatly protects you from cold.
 z - a +0 plate armour (worn)
Jewellery
 i - a ring of poison resistance (right hand)
 k - an uncursed ring of ice
Wands
 C - a wand of flame (7)
Scrolls
 b - 3 scrolls of fear
 f - a scroll of enchant armour
 g - 3 scrolls of teleportation
 h - 3 scrolls of identify
 q - 4 scrolls of enchant weapon
 v - 2 scrolls of remove curse
 y - a scroll of silence
Potions
 l - 2 potions of berserk rage
 m - 5 potions of lignification
 o - a potion of cancellation
 r - 7 potions of might
 x - 2 potions of curing
 B - a potion of stabbing
Miscellaneous
 s - a lightning rod (1/4)
Comestibles
 c - 22 rations


   Skills:
 + Level 10.7 Fighting
 + Level 8.8(12.3) Axes
 + Level 13.6(14.5) Maces & Flails
 + Level 1.2(5.6) Polearms
 + Level 3.6 Throwing
 + Level 12.7 Armour
 + Level 5.7 Dodging
 + Level 1.2 Evocations


You had 11 spell levels left.
You didn't know any spells.
Your spell library was empty.

Dungeon Overview and Level Annotations

Branches:
Dungeon (12/15)            Temple (1/1) D:7            Lair (0/6) D:10
    Orc (0/2) D:9           IceCv (visited)

Altars:
Elyvilon
Gozag
Hepliaklqana
Makhleb
Okawaru
Trog
Zin

Annotations:
D:5 moth
D:9 3 runed translucent doors, CrypticCrinoid's ghost, novice MiBe
D:12 Kirke


Innate Abilities, Weirdness & Mutations

You reflexively headbutt those who attack you in melee.
You have a pair of large horns on your head.
You are robust. (+10% HP)


Message History

Kirke hits you but does no damage. The lindwurm bites you!
* * * LOW HITPOINT WARNING * * *
The lindwurm claws you.
* * * LOW HITPOINT WARNING * * *
The lindwurm claws you but does no damage.
As you read the scroll of teleportation, it crumbles to dust.
You feel strangely unstable. Kirke closely misses you. You furiously retaliate!
You headbutt Kirke!! The lindwurm bites you!
* * * LOW HITPOINT WARNING * * *
The lindwurm barely misses you.
The lindwurm claws you but does no damage.
All of the chunks of flesh in your inventory have rotted away.
You feel better. Kirke casts a spell at you.
You struggle to resist.
The lindwurm bites you.
* * * LOW HITPOINT WARNING * * *
The lindwurm misses you. The lindwurm barely misses you.
The lindwurm breathes flames at you. The blast of flame hits you!
You die...

######
########....#######
.......#....#...@.#
.......#....#..k@.#
.......#....####(###
..##...#........O..#
..##...##'##....†.†#
..###'###..#....††.#
...#...'...#....(..#
...'...#####...........
#'##...# ......(......


You could see Kirke (poisoned), a two-headed ogre and a lindwurm (summoned,
catching breath).

Vanquished Creatures
  Josephine (D:10)
  4 two-headed ogres
  Pikel (D:7)
  A deep elf mage (D:11)
  2 ugly things (IceCv)
  3 ice statues (IceCv)
  2 centaur zombies (D:12)
  Psyche (D:8)
  2 trolls
  A human (D:7)
  13 yaks
  A vampire (D:11)
  6 wraiths
  9 hogs
  A hungry ghost (D:8)
  A warg (D:9)
  Edmund (D:6)
  Duvessa (D:7)
  2 orc warriors
  3 phantoms
  9 ice beasts
  6 sky beasts
  A black bear (D:6)
  2 ogres
  4 wolves
  2 eyes of draining
  6 centaurs
  3 big kobolds
  4 bullfrogs
  Dowan (D:7)
  A water moccasin zombie (D:5)
  A wyvern zombie (D:9)
  4 scorpions
  8 killer bees
  3 electric eels
  4 howler monkeys
  5 crimson imps
  2 bullfrog zombies
  4 jellies
  5 centaur skeletons
  An orc priest (D:6)
  9 hounds
  2 bullfrog skeletons
  7 orc wizards
  6 worker ants
  5 iguanas
  2 worker ant zombies
  A howler monkey skeleton (D:9)
  12 adders
  2 shadow imps
  2 adder skeletons
  4 worms
  A dart slug (D:2)
  7 leopard geckos
  22 orcs
  2 ball pythons
  5 giant cockroaches
  6 goblins
  5 hobgoblins
  10 jackals
  8 bats
  4 frilled lizards
  A jackal skeleton (D:4)
  37 kobolds
  A leopard gecko skeleton (D:5)
  A leopard gecko zombie (D:7)
  A quokka zombie (D:8)
  5 rats
  13 plants (D:6)
313 creatures vanquished.

Vanquished Creatures (collateral kills)
  3 yaks (D:9)
  A wraith (D:9)
  An orc warrior (D:9)
  A howler monkey (D:9)
  An orc priest (D:9)
  2 orcs (D:9)
  A quokka (D:9)
10 creatures vanquished.

Vanquished Creatures (others)
  Prince Ribbit (D:6)
  An orc (D:7)
  3 jackals (D:7)
  A ball python (D:7)
  8 plants (D:6)
14 creatures vanquished.

Grand Total: 337 creatures vanquished

Notes
Turn   | Place    | Note
-------+----------+-------------------------------------------
     0 | D:1      | hawla the Minotaur Berserker began the quest for the Orb.
     0 | D:1      | Reached XP level 1. HP: 19/19 MP: 0/0
   235 | D:1      | Reached skill level 4 in Maces & Flails
   296 | D:1      | Reached XP level 2. HP: 27/27 MP: 1/1
   935 | D:2      | Reached XP level 3. HP: 31/33 MP: 2/2
  1121 | D:2      | Reached ** piety under Trog
  1383 | D:2      | Reached XP level 4. HP: 31/41 MP: 3/3
  3209 | D:4      | Reached XP level 5. HP: 44/47 MP: 4/4
  3262 | D:4      | Reached skill level 5 in Maces & Flails
  3414 | D:4      | Reached skill level 5 in Fighting
  3550 | D:4      | Reached XP level 6. HP: 56/56 MP: 5/5
  4120 | D:4      | Reached *** piety under Trog
  4353 | D:5      | Entered Level 5 of the Dungeon
  4409 | D:5      | Found a hazy altar of Hepliaklqana.
  4419 | D:5      | Reached skill level 6 in Maces & Flails
  4533 | D:5      | Reached XP level 7. HP: 52/61 MP: 6/6
  4714 | D:5      | Noticed a moth of wrath
  4717 | D:5      | Found a bloodstained altar of Trog.
  4985 | D:5      | Reached skill level 1 in Throwing
  5375 | D:6      | Noticed Edmund
  5396 | D:6      | Killed Edmund
  5396 | D:6      | Reached skill level 5 in Armour
  5593 | D:6      | Reached skill level 1 in Axes
  5757 | D:6      | Reached skill level 7 in Maces & Flails
  5993 | D:6      | Noticed Prince Ribbit
  6001 | D:6      | Reached XP level 8. HP: 70/70 MP: 7/7
  6008 | D:6      | Reached **** piety under Trog
  6031 | D:6      | Killed Prince Ribbit
  6827 | D:7      | Found a staircase to the Ecumenical Temple.
  6851 | Temple   | Entered the Ecumenical Temple
  7115 | D:7      | Noticed Dowan
  7116 | D:7      | Noticed Duvessa
  7133 | D:7      | Noticed Pikel
  7353 | D:7      | Reached skill level 8 in Maces & Flails
  7353 | D:7      | Reached XP level 9. HP: 79/79 MP: 8/8
  7490 | D:7      | Killed Pikel
  7490 | D:7      | Reached skill level 9 in Maces & Flails
  7490 | D:7      | Reached skill level 5 in Dodging
  7810 | D:7      | Killed Duvessa
  7814 | D:7      | Killed Dowan
  8099 | D:7      | Reached skill level 10 in Maces & Flails
  8280 | D:8      | Reached XP level 10. HP: 89/89 MP: 9/9
  8298 | D:8      | Noticed a two-headed ogre
  8307 | D:8      | Killed a two-headed ogre
  8347 | D:8      | Noticed Psyche
  8369 | D:8      | Killed Psyche
  8369 | D:8      | Reached skill level 11 in Maces & Flails
  8596 | D:8      | Noticed a two-headed ogre
  8596 | D:8      | Noticed a two-headed ogre
  8613 | D:8      | Killed a two-headed ogre
  8613 | D:8      | Reached ***** piety under Trog
  8613 | D:8      | Reached skill level 10 in Armour
  8629 | D:8      | Killed a two-headed ogre
  8629 | D:8      | Reached skill level 12 in Maces & Flails
  8948 | D:8      | Found an opulent altar of Gozag.
  9378 | D:9      | Noticed CrypticCrinoid's ghost (novice MiBe)
  9384 | D:9      | Noticed a deep troll earth mage
  9550 | D:9      | Found a runed translucent gate.
  9550 | D:9      | Found a runed translucent gate.
  9614 | D:9      | Found a runed translucent gate.
  9619 | D:9      | Reached XP level 11. HP: 97/97 MP: 10/10
  9639 | D:9      | Found a staircase to the Orcish Mines.
  9929 | D:9      | Got a steaming robe
  9940 | D:9      | Identified the cursed +0 robe of the Solstice {rCorr Dex+3}
                  | (You found it on level 9 of the Dungeon)
 10325 | D:10     | Entered Level 10 of the Dungeon
 10331 | D:10     | Found a staircase to the Lair.
 10725 | D:10     | Reached skill level 5 in Axes
 11384 | D:10     | Noticed Josephine
 11864 | D:10     | Killed Josephine
 12331 | D:10     | Reached skill level 10 in Fighting
 12489 | D:10     | Noticed a two-headed ogre
 12499 | D:10     | Killed a two-headed ogre
 13734 | D:11     | Found a frozen archway.
 13770 | IceCv    | Entered an ice cave
 13779 | IceCv    | Reached skill level 13 in Maces & Flails
 13783 | IceCv    | Reached skill level 1 in Evocations
 13807 | IceCv    | Noticed a white ugly thing
 13820 | IceCv    | Killed a white ugly thing
 13829 | IceCv    | Gained mutation: You are robust. (+10% HP) [potion of
                  | mutation]
 13829 | IceCv    | Gained mutation: You have a pair of large horns on your
                  | head. [potion of mutation]
 14569 | IceCv    | Noticed a white ugly thing
 14592 | IceCv    | Killed a white ugly thing
 14600 | IceCv    | Got jewelled ice dragon scales
 14611 | IceCv    | Identified the +3 ice dragon scales of Feqayff {rF- rC++
                  | Str+2 Int+5} (You found it in an ice cave)
 14937 | D:11     | Reached XP level 12. HP: 112/117 MP: 11/11
 15192 | D:11     | Reached skill level 1 in Polearms
 15714 | D:12     | Noticed a two-headed ogre
 15744 | D:12     | Noticed Kirke
 15766 | D:12     | HP: 5/118 [lindwurm[Kirke] (7)]
 15768 | D:12     | Killed from afar by a lindwurm

Illustrated notes

Levels and vault maps discovered:
D:1:      minmay_arrival_four_circles, layout_basic
D:2:      layout_basic
D:3:      layout_basic, first_ration
D:4:      layout_gridville
D:5:      layout_basic, tgw_trog, basic_altar
D:6:      kennysheep_kobold_camp, layout_basic, uniq_prince_ribbit1, uniq_edmund
D:7:      layout_basic, minmay_temple_entry_ruins, serial_co_window_serial,
          co_window_corner_a, co_window_of_opportunity_a, co_window_corner_a,
          co_window_of_opportunity_a, co_window_paths_a, co_window_corner_cb,
          co_window_cross_2, co_window_broadway_b, co_window_of_opportunity_c,
          glass_columns_a, glass_columns_a, grunt_livestock, uniq_pikel,
          uniq_duvessa
D:8:      layout_basic, chequers_serial_rivers_micro_d, nicolae_water_bricks,
          grunt_gozag_breadcrumbs, uniq_psyche
D:9:      layout_irregular_city, david_orc_3, gammafunk_ghost_split
D:10:     layout_layer_cave, erik_lair_island, uniq_josephine
D:11:     layout_rooms, portal_ice_cave_entry_pillars_1, hex_intersection
D:12:     layout_gridville, uniq_kirke
Temple:   nicolae_temple_the_god_donut

Skill      XL: |  1  2  3  4  5  6  7  8  9 10 11 12 |
---------------+-------------------------------------+-----
Maces & Flails | 4 5 6 7 8 10 12 13 | 13.6
Fighting       | 4 5 6 7 8 9 10 | 10.7
Dodging        | 3 4 5 |  5.7
Armour         | 3 4 5 7 9 10 12 | 12.7
Throwing       | 1 3 |  3.6
Axes           | 2 4 8 |  8.8
Evocations     | 1 |  1.2
Polearms       | 1 |  1.2

Action                   |  1- 3 |  4- 6 |  7- 9 | 10-12 || total
-------------------------+-------+-------+-------+-------++-------
Melee: Mace              |    72 |   122 |    17 |       ||   211
       Headbutt          |     5 |    19 |    68 |   109 ||   201
       Battleaxe         |       |       |   147 |       ||   147
       Dire flail        |       |       |   102 |   321 ||   423
       Hand axe          |       |       |    14 |    54 ||    68
       War axe           |       |       |       |    91 ||    91
       Trident           |       |       |       |    33 ||    33
Throw: Dart              |       |     5 |    22 |     9 ||    36
       Boomerang         |       |     4 |     3 |     3 ||    10
Invok: Trog's Hand       |       |       |     1 |     2 ||     3
       Brothers in Arms  |       |       |       |     3 ||     3
Evoke: Lightning rod     |       |       |       |     4 ||     4
       Wand              |       |       |       |     3 ||     3
  Use: Scroll            |     4 |     6 |     6 |    17 ||    33
       Potion            |       |       |     2 |     6 ||     8
 Stab: Fleeing           |       |       |     1 |       ||     1
  Eat: Chunk             |     1 |    10 |    10 |    12 ||    33
       Ration            |       |       |     1 |     4 ||     5
Armor: Animal skin       |     7 |       |       |       ||     7
       Leather armour    |    19 |     1 |       |       ||    20
       Ring mail         |       |    30 |       |       ||    30
       Scale mail        |       |     5 |     6 |       ||    11
       Chain mail        |       |       |    94 |    36 ||   130
       Plate armour      |       |       |       |   255 ||   255
       Ice dragon scales |       |       |       |     1 ||     1
       Skin              |       |       |       |    10 ||    10
Dodge: Dodged            |    62 |    86 |   133 |   265 ||   546
       Repelled          |       |     1 |     9 |    18 ||    28
